Map: Acropolis LE

Players

Mez - Winner!

  • Race: Terran Terran
  • League: Master
  • Spawn Location: 5:00

медовский

  • Race: Terran Terran
  • League: Master
  • Spawn Location: 11:00

VOD

Have the link to the VOD?

Description

Time

  • Played on: July 31, 2019, 3:01 p.m.
  • Length: 12:15
Show
View Real Time Build Order
Export as new Build Order

Mez Terran - Winner!

Build Orders:  

Get SALT Encoding   

  12  0:00  SCV  
  13  0:13  SCV  
  14  0:19  Supply Depot  
  14  0:26  SCV  
  15  0:31  Refinery  
  15  0:40  SCV  
  16  0:44  Barracks  
  16  0:52  SCV  
  17  1:04  SCV  
  18  1:16  SCV  
  19  1:31  Marine, Orbital Command  
  20  1:34  Factory  
  20  1:45  Refinery  
  20  1:51  Marine  
  20  1:52  Supply Depot  
  21  2:02  SCV  
  22  2:12  Barracks Reactor  
  22  2:18  Hellion  
  22  2:19  SCV  
  25  2:23  Command Center  
  23  2:49  Marine x2, Factory Tech Lab  
  25  2:54  Refinery, SCV  
  26  3:03  Supply Depot  
  26  3:08  Cyclone, Marine x2  
  31  3:24  SCV  
  32  3:27  Marine x2  
  34  3:36  SCV  
  34  3:37  Orbital Command  
  34  3:40  Cyclone  
  38  3:49  SCV, Starport  
  39  3:56  Marine x2  
  41  4:04  SCV x2  
  43  4:14  Supply Depot  
  43  4:16  SCV x2  
  45  4:21  Marine  
  45  4:23  Marine, Factory Tech Lab  
  47  4:28  SCV  
  47  4:42  SCV x2, Marine x2  
  51  4:46  Siege Tank  
  54  4:54  SCV x2  
  56  5:00  Command Center  
  56  5:01  Raven  
  58  5:11  SCV x2, Supply Depot  
  60  5:18  Marine x2  
  62  5:23  Barracks  
  62  5:25  Barracks  
  62  5:33  Siege Tank, SCV x2  
  67  5:37  Supply Depot  
  64  5:48  SCV x2  
  64  5:52  Marine x2  
  64  5:53  Raven  
  68  6:00  Engineering Bay  
  68  6:01  Engineering Bay, SCV  
  68  6:03  SCV  
  70  6:13  Barracks Reactor x2, SCV  
  71  6:24  SCV, Factory Reactor  
  71  6:25  SCV  
  73  6:29  Barracks x2, Orbital Command  
  73  6:36  Marine  
  73  6:38  Stimpack  
  74  6:43  SCV x2  
  74  6:46  Supply Depot  
  76  6:47  Terran Infantry Weapons Level 1  
  76  6:48  Supply Depot  
  76  6:52  Refinery  
  76  6:53  Refinery  
  76  6:55  Marine x4  
  76  6:56  Marine  
  80  7:02  SCV, Orbital Command  
  80  7:03  SCV  
  80  7:05  Terran Infantry Armor Level 1  
  82  7:19  Starport Reactor, SCV x2  
  82  7:22  Supply Depot  
  84  7:23  Supply Depot  
  84  7:29  SCV  
  85  7:31  SCV  
  85  7:32  SCV  
  85  7:34  Marine  
  85  7:35  Marine x8  
  96  7:39  Siege Tank  
  96  7:41  SCV  
  96  7:43  SCV  
  96  7:44  SCV  
  102  7:46  Armory  
  102  7:47  Supply Depot  
  102  7:49  Supply Depot  
  102  7:52  Marine  
  102  7:55  Marine x8  
  102  7:57  SCV  
  112  7:59  SCV x2  
  112  8:05  Medivac  
  116  8:06  Medivac  
  116  8:10  SCV  
  116  8:11  SCV x2  
  121  8:16  Marine x8  
  129  8:20  Supply Depot  
  129  8:22  SCV  
  129  8:23  Supply Depot  
  127  8:46  Combat Shield  
  127  8:47  Medivac x2  
  127  8:48  Marine x9  
  140  8:56  SCV x2  
  140  9:00  Terran Infantry Weapons Level 2  
  140  9:01  Terran Infantry Armor Level 2  
  140  9:02  Command Center  
  142  9:05  Marine, Refinery, SCV  
  142  9:06  Marine x2  
  142  9:08  SCV  
  147  9:12  Supply Depot  
  147  9:13  Marine x3  
  147  9:14  Marine x2  
  147  9:15  Supply Depot  
  152  9:17  Terran Ship Weapons Level 1  
  152  9:27  Marine x4  
  152  9:28  Refinery  
  152  9:31  Marine  
  156  9:33  Medivac x2  
  161  9:47  Marine  
  161  9:48  Marine x7  
  161  9:49  Marine  
  161  9:50  SCV x3  
  173  10:13  Marine x2  
  173  10:14  Marine x5  
  137  10:42  Marine x9  
  133  10:43  Medivac x2  
  133  10:44  Siege Tank  
  147  10:53  Command Center  
  147  10:56  Command Center  
  137  11:00  Marine x6  
  143  11:08  Marine x3  
  146  11:13  Fusion Core, Starport, Medivac x2  
  146  11:14  Starport  
  146  11:17  Planetary Fortress, Starport  
  150  11:19  SCV x3  
  153  11:30  Refinery  
  153  11:31  SCV  
  154  11:35  Refinery  
  150  11:41  SCV x2  
  150  11:43  SCV  
  149  11:51  Marine  
  149  11:52  Marine x8  
  158  12:00  Starport Tech Lab  
  156  12:02  Starport Reactor x2  
Show
View Real Time Build Order
Export as new Build Order

медовский Terran 

Build Orders: Gas First Reaper Expand, Liberator Opening, Mech 

Get SALT Encoding   

  12  0:00  SCV  
  13  0:13  SCV  
  14  0:17  Supply Depot  
  14  0:25  SCV  
  14  0:27  Refinery  
  15  0:39  SCV  
  16  0:44  Barracks  
  16  0:52  SCV  
  17  1:06  SCV  
  18  1:19  SCV  
  19  1:32  Reaper, Orbital Command  
  20  1:45  Command Center  
  20  1:57  Factory  
  20  2:00  SCV  
  20  2:12  Barracks Reactor  
  20  2:14  SCV  
  21  2:19  Supply Depot  
  21  2:20  Refinery  
  21  2:26  SCV  
  22  2:38  SCV  
  23  2:45  Factory Tech Lab  
  23  2:50  Starport  
  22  2:53  SCV  
  22  2:54  Marine x2  
  25  2:59  Orbital Command  
  25  3:06  SCV  
  25  3:12  Cyclone  
  29  3:13  Marine x2  
  29  3:19  SCV  
  32  3:30  Liberator  
  32  3:32  Marine x2, Supply Depot  
  34  3:38  SCV  
  35  3:41  Supply Depot  
  35  3:42  SCV  
  39  3:50  SCV  
  39  3:54  SCV  
  41  4:02  Refinery, Marine x2, SCV  
  44  4:03  Refinery  
  44  4:06  SCV  
  44  4:07  Siege Tank  
  48  4:14  SCV  
  49  4:25  Marine x2  
  49  4:26  SCV  
  49  4:27  SCV  
  51  4:38  SCV  
  52  4:50  Marine x2  
  52  4:52  Supply Depot  
  54  4:54  Supply Depot  
  54  4:55  Starport Tech Lab  
  54  5:01  Command Center  
  59  5:14  Siege Tank, SCV x2  
  59  5:18  Raven  
  59  5:21  Engineering Bay  
  61  5:23  Engineering Bay  
  61  5:26  SCV x2  
  61  5:27  Factory  
  63  5:37  Factory  
  63  5:40  SCV x2  
  62  5:52  SCV x2  
  64  5:58  Hi-Sec Auto Tracking  
  64  5:59  Neosteel Armor  
  64  6:01  Siege Tank  
  67  6:04  SCV, Armory  
  67  6:07  SCV  
  69  6:14  Factory Tech Lab  
  69  6:16  SCV  
  70  6:20  Refinery  
  70  6:21  Refinery, SCV  
  71  6:28  SCV, Supply Depot  
  72  6:33  SCV  
  72  6:39  Hellion x2, Siege Tank x2  
  83  6:42  Raven  
  83  6:44  SCV  
  83  6:47  SCV  
  85  6:53  Orbital Command  
  84  6:57  SCV  
  85  7:11  Hellion x2  
  85  7:12  Siege Tank, SCV  
  93  7:17  Supply Depot  
  93  7:20  Terran Vehicle Weapons Level 1  
  93  7:22  Armory  
  93  7:29  Supply Depot  
  93  7:36  Command Center  
  93  7:39  Siege Tank, SCV x3, Starport  
  93  7:40  Starport  
  99  7:48  Missile Turret  
  99  7:51  SCV x3  
  102  8:02  Siege Tank  
  102  8:03  SCV x3  
  108  8:10  Missile Turret  
  108  8:14  Supply Depot  
  108  8:15  SCV  
  108  8:19  Supply Depot  
  109  8:31  Starport Reactor x2  
  108  8:35  Missile Turret  
  108  8:36  Raven, Hellion  
  107  8:47  Siege Tank  
  107  8:48  Siege Tank  
  109  8:49  SCV  
  110  9:00  Hellion x2, Refinery  
  114  9:03  Missile Turret  
  114  9:04  Missile Turret  
  114  9:06  SCV  
  115  9:10  Terran Vehicle And Ship Armor Level 1  
  115  9:13  Refinery  
  115  9:14  Terran Vehicle Weapons Level 2  
  115  9:15  Infernal Pre-Igniter  
  115  9:17  Smart Servos  
  115  9:19  Siege Tank, SCV  
  115  9:20  SCV  
  115  9:21  SCV  
  115  9:22  Siege Tank  
  115  9:23  Hellion x2  
  115  9:24  Viking x4  
  130  9:26  Missile Turret  
  130  9:30  Orbital Command  
  136  9:33  SCV  
  136  9:34  SCV  
  136  9:37  SCV  
  139  9:45  SCV  
  139  9:46  SCV  
  139  9:48  Missile Turret  
  140  9:54  Viking, Siege Tank, SCV  
  140  9:55  Hellion  
  148  10:11  Viking, SCV  
  148  10:20  Viking x2  
  148  10:21  Hellion  
  115  10:34  Hellion x3  
  115  10:35  Drilling Claws, Liberator x2  
  82  10:43  SCV  
  82  10:48  Command Center  
  83  10:52  Viking x3  
  83  10:55  Siege Tank, Command Center  
  83  10:56  Siege Tank  
  99  11:06  SCV x2  
  99  11:07  Hellion  
  99  11:08  Hellion  
  105  11:20  SCV  
  106  11:28  Hellion  
  99  11:52  Hellion  
  105  12:01  Supply Depot  
  105  12:02  Supply Depot  
Tags
 
Add a new tag
Caveats
  • Supply blocks, unpowered buildings, or Contaminate may cause inaccurate times.
  • Supply counts are checked every 10 seconds.